 Dungeon Crawl Stone Soup version 0.31-a0-154-g56bf346678 (webtiles) character file.

Game seed: 1965405036689097271

315 night the Ruffian (level 6, -1/59 HPs)
             Began as a Troll Transmuter on June 11, 2023.
             Slain by a sky beast (6 damage)
             ... on level 4 of the Dungeon.
             The game lasted 00:04:55 (3040 turns).

night the Ruffian (Troll Transmuter)                Turns: 3040, Time: 00:04:56

Health: -1/59      AC:  4    Str: 19    XL:     6   Next: 20%
Magic:  6/6        EV:  9    Int: 11    God:
Gold:   95         SH:  0    Dex: 10    Spells: 0/7 levels left

rFire   . .          .
                       - Unarmed
rCold   . . .        (no shield)
rNeg    . . .        a - +0 robe
rPois   .            (helmet restricted)
rElec   .            (no cloak)
rCorr   .            (gloves unavailable)
SInv    .            (boots unavailable)
Will    .....        (no amulet)
Stlth   +            (no ring)
HPRegen 1.09/turn    (no ring)
MPRegen 0.10/turn

%: no passive effects
@: hasted, very quick
A: large, unfitting armour, claws 3, regeneration 1, shaggy fur 1, tough skin 1
a: no special abilities


You were on level 4 of the Dungeon.
You visited 1 branch of the dungeon, and saw 4 of its levels.

You collected 95 gold pieces.

Inventory:

Missiles
 g - 39 stones
 k - 6 javelins
 n - 8 poisoned darts
 o - 3 large rocks
Armour
 a - a +0 robe (worn)
Scrolls
 d - 2 scrolls of fear {unknown}
 h - 2 scrolls of magic mapping {unknown}
 i - a scroll of blinking {unknown}
 j - 2 scrolls of enchant armour {unknown}
 l - 3 scrolls of identify {unknown}
 m - a scroll of noise {unknown}
 p - a scroll of immolation {unknown}
Potions
 b - a potion of lignification
 c - a potion of haste
 e - a potion of brilliance {unknown}
 f - 2 potions of curing {unknown}


   Skills:
 + Level 2.5 Fighting
 - Level 1.5 Dodging
 * Level 5.2 Unarmed Combat
 - Level 1.2 Spellcasting
 + Level 2.6 Transmutations
 + Level 0.9 Ice Magic


You couldn't memorise any spells.
You knew the following spells:

 Your Spells              Type           Power      Damage    Failure   Level
a - Beastly Appendage     Tmut           12%        N/A       11%         1
b - Wereblood             Tmut           6%         N/A       16%         2
c - Ice Form              Ice/Tmut       4%         N/A       83%         4

Your spell library contained the following spells:

 Spells                   Type           Power      Damage    Failure   Level
 Blink                    Tloc           0%         N/A       43%         2
 Lesser Beckoning         Tloc           0%         N/A       43%         2
 Momentum Strike          Conj/Tloc      0%         3d8       43%         2
 Spider Form              Tmut/Pois      3%         N/A       50%         3
 Hailstorm                Conj/Ice       1%         3d3       61%         3
 Simulacrum               Ice/Necr       0%         N/A       100%        6


Dungeon Overview and Level Annotations

Branches:
Dungeon (4/15)
 Temple: D:4-7

Altars:
Ashenzari
Dithmenos
Elyvilon
Makhleb

Shops:
D:4 :


Innate Abilities, Weirdness & Mutations

You are too large for most types of armour.
You have claws for hands.
Your natural rate of healing is unusually fast.
You are covered in fur. (AC +1)
You have tough skin. (AC +1)


Message History

The sky beast is heavily wounded.
The sky beast hits you. The sky beast shocks you.
You closely miss the sky beast.
The sky beast is heavily wounded.
The sky beast hits you but does no damage.
You closely miss the sky beast.
The sky beast is heavily wounded.
The sky beast barely misses you.
You closely miss the sky beast.
The sky beast is heavily wounded.
The sky beast barely misses you.
You barely miss the sky beast.
The sky beast is heavily wounded.
The sky beast hits you but does no damage.
You closely miss the sky beast.
The sky beast is heavily wounded.
The sky beast hits you but does no damage.
You closely miss the sky beast.
The sky beast is heavily wounded.
The sky beast hits you. The sky beast shocks you.
You closely miss the sky beast.
The sky beast is heavily wounded.
The sky beast flickers out of sight!
Deactivating autopickup; reactivate with Ctrl-A.
Something hits you. Something shocks you.
You closely miss something. Something hits you. Something shocks you.
You barely miss something. You miss something. Something hits you.
Something shocks you.
You closely miss something. Something hits you. Something shocks you.
You miss something. Something hits you. Something shocks you.
You closely miss something. Something hits you. Something shocks you.
* * * LOW HITPOINT WARNING * * *
You miss something. Something hits you.
* * * LOW HITPOINT WARNING * * *
Something shocks you.
* * * LOW HITPOINT WARNING * * *
It was a potion of haste.
You feel yourself speed up. Something hits you.
* * * LOW HITPOINT WARNING * * *
Something shocks you.
You die...

##############
#......~{@...#
#.##########.#
#...# #.#
#.....# #.#
......## #.#
#####.## #.#
#.# #.# #.#
####.# #+#
#....##


There were no monsters in sight!

Vanquished Creatures
  An ogre (D:3)
  2 jellies (D:3)
  An iguana (D:4)
  An orc wizard (D:4)
  2 adders
  A river rat (D:3)
  3 worms
  A dart slug (D:1)
  8 orcs
  5 ball pythons
  8 endoplasms
  3 giant cockroaches
  4 goblins
  3 hobgoblins (D:1)
  7 jackals
  6 bats
  4 frilled lizards
  13 kobolds
  5 rats
78 creatures vanquished.

Notes
Turn   | Place    | Note
-------+----------+-------------------------------------------
     0 | D:1      | night the Troll Transmuter began the quest for the Orb.
     0 | D:1      | Reached XP level 1. HP: 18/18 MP: 1/1
    95 | D:1      | Reached skill level 1 in Fighting
   108 | D:1      | Reached XP level 2. HP: 27/27 MP: 2/2
   566 | D:2      | Reached XP level 3. HP: 30/33 MP: 3/3
  1275 | D:3      | Reached skill level 4 in Unarmed Combat
  1317 | D:3      | Reached skill level 2 in Transmutations
  1322 | D:3      | Noticed an ogre
  1335 | D:3      | Killed an ogre
  1336 | D:3      | Reached skill level 2 in Fighting
  1336 | D:3      | Reached XP level 4. HP: 41/42 MP: 2/4
  1336 | D:3      | Reached XP level 5. HP: 48/49 MP: 2/5
  1339 | D:3      | Learned a level 2 spell: Wereblood
  2072 | D:3      | Reached skill level 5 in Unarmed Combat
  2334 | D:4      | Reached XP level 6. HP: 22/59 MP: 6/6
  2339 | D:4      | Learned a level 4 spell: Ice Form
  2474 | D:4      | Found a shadowy altar of Dithmenos.
  2474 | D:4      | Found a white marble altar of Elyvilon.
  2482 | D:4      | Found a burning altar of Makhleb.
  2488 | D:4      | Found a broken altar of Ashenzari.
  2490 | D:4      | Found a faded altar of an unknown god.
  2598 | D:4      | Found Jepifeff's Vocational Training.
  3008 | D:4      | Noticed a sky beast
  3039 | D:4      | HP: 6/59 [something (6)]
  3040 | D:4      | Slain by a sky beast

Illustrated notes

Levels and vault maps discovered:
D:1:      tarquinn_simple_flora_water_e, layout_rooms
D:2:      wad_lake_hut, layout_basic, minmay_misc_feat_tower
D:3:      cheibrodos_fertilizer, layout_basic, lightli_sewer_entry_pipes,
          serial_forest, infiniplex_forest_lined_room_,
          infiniplex_forest_lined_3, infiniplex_forest_corner_2,
          infiniplex_forest_end_1, infiniplex_forest_corner_1,
          infiniplex_forest_straight_2, infiniplex_forest_clump_small,
          infiniplex_forest_lined_room_2
D:4:      layout_loops_corners, chequers_temple_overflow_minitemple,
          nicolae_shop_vocational, uniq_crazy_yiuf_cottage

Skill      XL: |  1  2  3  4  5 |
---------------+----------------+-----
Fighting       | 1 2 |  2.5
Unarmed Combat | 4 5 |  5.2
Transmutations | 2 |  2.6
Dodging        | |  1.5
Spellcasting   | |  1.2
Ice Magic      | |  0.9

Action                     |  1- 3 |  4- 6 || total
---------------------------+-------+-------++-------
  Melee: Unarmed           |   110 |   115 ||   225
         Punch             |     3 |     3 ||     6
         Kick              |     1 |       ||     1
  Throw: Javelin           |     1 |       ||     1
         Stone             |     1 |       ||     1
   Cast: Beastly Appendage |     1 |       ||     1
    Use: Potion            |       |     1 ||     1
   Stab: Sleeping          |     1 |       ||     1
 Armour: Robe              |    26 |    18 ||    44
  Dodge: Dodged            |    55 |    36 ||    91

Table legend: (Time is in decaauts)
 A = Elapsed time spent in this place.
 B = Non-inter-level travel time spent in this place.
 C = Inter-level travel time spent in this place.
 D = Time resting spent in this place.
 E = Time spent auto-exploring this place.
 F = Levels seen in this place.
 G = Mean time per level.
                   A        B        C        D        E       F      G
               +--------+--------+--------+--------+--------+-----+--------+
         Total |   3021 |   2907 |    114 |     29 |   2404 |   4 |  755.2 |
       Dungeon |   3021 |   2907 |    114 |     29 |   2404 |   4 |  755.2 |
               +--------+--------+--------+--------+--------+-----+--------+

Top non-repeatable levels by time:
     D:3: 1067 daAuts
     D:2: 838 daAuts
     D:4: 725 daAuts
     D:1: 391 daAuts
